 Dungeon Crawl Stone Soup version 0.19.0-18-g426998a (webtiles) character file.

376 HungrySpirit the Skirmisher (level 6, 0/51 HPs)
             Began as a Mummy Artificer on Nov 11, 2016.
             Slain by a wight
             ... wielding a cursed +3 short sword
              (6 damage)
             ... on level 4 of the Dungeon.
             The game lasted 00:04:25 (3376 turns).

HungrySpirit the Skirmisher (Mummy Artificer)       Turns: 3376, Time: 00:04:26

Health: 0/51       AC:  7    Str: 18    XL:     6   Next: 44%
Magic:  8/8        EV: 10    Int: 10    God:
Gold:   134        SH:  0    Dex: 12    Spells: 0 memorised, 5 levels left

rFire  x . .     SeeInvis .     a - +0 short sword
rCold  + . .     Gourm    .     o - +0 scale mail
rNeg   + + +     Faith    .     (no shield)
rPois  ∞         Spirit   .     i - +0 helmet
rElec  .         Reflect  .     (no cloak)
rCorr  .         Harm     .     (no gloves)
MR     .....                    (no boots)
Stlth  ..........               n - amulet of magic regeneration
                                (no ring)
                                (no ring)

@: no status effects
A: no food or potions, fire vulnerability, cold resistance 1, negative energy
resistance 3, torment resistance, unbreathing
a: no special abilities


You were on level 4 of the Dungeon.
You were not hungry.

You visited 1 branch of the dungeon, and saw 4 of its levels.

You collected 134 gold pieces.

Inventory:

Hand Weapons
 a - a +0 short sword (weapon)
 b - a +0 hand axe
Armour
 i - a +0 helmet (worn)
 o - a +0 scale mail (worn)
Jewellery
 n - an amulet of magic regeneration (around neck)
Wands
 c - a wand of flame (0/48)
 d - a wand of enslavement (15/24)
 e - a wand of random effects (8/48)
Scrolls
 f - 2 scrolls of remove curse {unknown}
 g - a scroll of noise {unknown}
 h - a scroll of magic mapping {unknown}
 j - 4 scrolls of identify {unknown}
 k - a scroll of teleportation {unknown}
 l - a scroll of recharging {unknown}
 m - 2 scrolls of enchant armour {unknown}
 p - a scroll of random uselessness {unknown}


   Skills:
 + Level 5.1 Fighting
 - Level 0.7 Short Blades
 * Level 1.4 Axes
 - Level 1.5 Dodging
 - Level 0.7 Stealth
 + Level 3.9 Evocations


You had 5 spell levels left.
You didn't know any spells.

Dungeon Overview and Level Annotations

Branches:
Dungeon (4/15)
 Temple: D:4-7

Altars:

Annotations:
D:4 goblinboy's ghost, novice MiBe


Innate Abilities, Weirdness & Mutations

You do not eat or drink.
Your flesh is vulnerable to fire.
You are immune to poison.
Your flesh is cold resistant. (rC+)
You are immune to negative energy. (rN+++)
You are immune to unholy pain and torment.
You can survive without breathing.


Message History

The wight is moderately damaged.
The wight closely misses you.
You closely miss the wight.
The wight is moderately damaged.
The wight closely misses you.
You barely miss the wight.
The wight is moderately damaged.
The wight hits you but does no damage.
You barely miss the wight.
The wight is moderately damaged.
The wight hits you with an enchanted short sword.
* * * LOW HITPOINT WARNING * * *
You hit the wight but do no damage.
The wight is moderately damaged.
The wight hits you with an enchanted short sword.
* * * LOW HITPOINT WARNING * * *
You hit the wight but do no damage.
The wight is moderately damaged.
The wight hits you with an enchanted short sword.
You die...

### #<#
#.########
########.........
......z@.....####
############.# #


You could see a wight.

Vanquished Creatures
  The ghost of Flash162 the Changer, an amateur DrTm (D:3)
  2 wights (D:4)
  An orc priest (D:3)
  6 adders
  An ooze (D:3)
  2 worms (D:3)
  2 dart slugs
  A leopard gecko (D:1)
  5 orcs
  2 ball pythons (D:2)
  3 giant cockroaches
  6 goblins
  8 hobgoblins
  5 bats
  5 frilled lizards
  8 kobolds
  5 rats
63 creatures vanquished.

Notes
Turn   | Place    | Note
-------+----------+-------------------------------------------
     0 | D:1      | HungrySpirit the Mummy Artificer began the quest for the Orb.
     0 | D:1      | Reached XP level 1. HP: 15/15 MP: 2/2
   223 | D:1      | Reached XP level 2. HP: 18/22 MP: 3/3
   249 | D:1      | Reached skill level 2 in Fighting
   957 | D:2      | Reached XP level 3. HP: 28/28 MP: 5/5
  1301 | D:2      | Reached skill level 3 in Fighting
  1761 | D:2      | Reached XP level 4. HP: 25/35 MP: 6/6
  2007 | D:3      | Noticed Flash162's ghost (amateur DrTm)
  2019 | D:3      | Killed Flash162's ghost
  2019 | D:3      | Reached skill level 4 in Fighting
  2019 | D:3      | Reached XP level 5. HP: 25/43 MP: 7/7
  2699 | D:3      | Reached XP level 6. HP: 40/50 MP: 8/8
  2921 | D:3      | Reached skill level 5 in Fighting
  3080 | D:4      | Noticed goblinboy's ghost (novice MiBe)
  3356 | D:4      | Reached skill level 1 in Axes
  3376 | D:4      | Slain by a wight

Skill      XL: |  1  2  3  4  5  6 |
---------------+-------------------+-----
Fighting       | 2 3 4 5 |  5.1
Evocations     | 3 |  3.9
Axes           | 1 |  1.4
Short Blades   | |  0.7
Dodging        | |  1.5
Stealth        | |  0.7

Action                   |  1- 3 |  4- 6 || total
-------------------------+-------+-------++-------
Melee: Short sword       |   171 |   178 ||   349
Evoke: Wand              |       |    22 ||    22
 Stab: Sleeping          |     1 |       ||     1
Armor: Leather armour    |    84 |     3 ||    87
       Scale mail        |       |    55 ||    55
Dodge: Dodged            |   145 |    91 ||   236
